 Dungeon Crawl Stone Soup version 0.18.1-5-g4a78601 (webtiles) character file.

1313 Charly the Martial Artist (level 8, -3/37 HPs)
             Began as a Vine Stalker Transmuter on May 11, 2016.
             Was an Initiate of Cheibriados.
             Killed from afar by Erolcha (38 damage)
             ... with a crystal spear
             ... on level 9 of the Dungeon.
             The game lasted 00:25:53 (1169 turns).

Charly the Martial Artist (Vine Stalker Transmuter) Turns: 1169, Time: 00:25:53

Health: -3/37      AC:  5    Str: 14    XL:     8   Next: 58%
Magic:  0/15       EV: 13    Int: 16    God:    Cheibriados [......]
Gold:   111        SH:  0    Dex: 16    Spells: 4 memorised, 4 levels left

rFire  . . .     SeeInvis .       - Unarmed
rCold  + . .     Gourm    .     l - +2 leather armour {rC+}
rNeg   . . .     Faith    .     (no shield)
rPois  .         Spirit   +     (no helmet)
rElec  .         Dismiss  .     (no cloak)
rCorr  .         Reflect  .     (no gloves)
SustAt .         Harm     .     (no boots)
MR     +....                    (no amulet)
Stlth  +.........               n - +4 ring of slaying
                                f - +1 ring of evasion

@: about to teleport, very slow, somewhat resistant to hostile enchantments,
very unstealthy
A: fangs 3, regeneration 2, wild magic 1, magic shield, antimagic bite, no
device heal 3, rot immunity
a: Bend Time, Renounce Religion


You were on level 9 of the Dungeon.
You worshipped Cheibriados.
Cheibriados was noncommittal.
You were not hungry.

You visited 3 branches of the dungeon, and saw 12 of its levels.
You also visited: Bailey.

You collected 111 gold pieces.

Inventory:

Hand Weapons
 k - a +0 blowgun
Missiles
 a - 32 arrows
Armour
 b - a +0 robe
 l - a +2 leather armour of cold resistance (worn)
 r - a +0 helmet
Magical Staves
 p - an uncursed staff of earth
Jewellery
 f - a +1 ring of evasion (left hand)
 n - a +4 ring of slaying (right hand)
Wands
 h - a wand of disintegration (4/24)
Scrolls
 e - a scroll of remove curse
 i - a scroll of identify {unknown}
 m - a scroll of teleportation
 o - a scroll of immolation {unknown}
Potions
 g - a potion of ambrosia {unknown}
 j - a potion of lignification {unknown}
 q - a potion of curing {unknown}
Books
 c - a book of Changes

   Spells                             Type                      Level
   a - Beastly Appendage              Transmutation                1
   b - Sticks to Snakes               Transmutation                2
   c - Spider Form                    Transmutation/Poison         3
   d - Ice Form                       Ice/Transmutation            4
   e - Blade Hands                    Transmutation                5
Comestibles
 d - 2 bread rations


   Skills:
 + Level 1.4 Fighting
 - Level 1.5 Dodging
 * Level 8.5 Unarmed Combat
 + Level 4.3 Spellcasting
 + Level 5.1 Transmutations


You had 4 spell levels left.
You knew the following spells:

 Your Spells              Type           Power        Failure   Level  Hunger
b - Beastly Appendage     Trmt           ####..       4%          1    None
h - Blade Hands           Trmt           ####......   83%         5    ######.
s - Sticks to Snakes      Trmt           ####....     8%          2    ##.....
S - Spider Form           Trmt/Pois      ###.......   32%         3    ###....


Dungeon Overview and Level Annotations

Branches:
Dungeon (10/15)            Temple (1/1) D:6             Orc (1/2) D:9
   Lair: D:8-11

Altars:
Ashenzari
Cheibriados
Elyvilon
Fedhas
Gozag
Nemelex Xobeh
Okawaru
Pakellas
Qazlal
Ru
Trog
Xom
Yredelemnul
The Shining One

Shops:
Orc:1 *

Annotations:
D:9 Erolcha, Gastronok


Innate Abilities, Weirdness & Mutations

You have razor-sharp teeth.
You heal very quickly.
When hurt, damage is shared between your health and your magic reserves.
Your bite disrupts and absorbs the magic of your enemies.
Potions and wands cannot restore your health.
You are immune to rotting.
Your spells are a little harder to cast, but a little more powerful.


Message History

Read which item? (? for menu, Esc to quit)
As you read the scroll of teleportation, it crumbles to dust.
You feel strangely unstable.
The hippogriff screeches!
The centaur shoots an arrow.
The arrow barely misses you.
The centaur shoots an arrow.
The arrow hits you.
An orc priest comes into view. It is wielding a flail.
Unknown command.
An orc and an orc warrior come into view.
The orc warrior shouts!
The orc shouts!
Unknown command.
Unknown command.
The hippogriff barely misses you. The hippogriff pecks you.
The hippogriff barely misses you.
Gastronok chants a spell, wobbling all the while.
Your legs wobble like jelly.
Erolcha casts a spell at you. The crystal spear hits you!
Ouch! That really hurt!
You die...

#................
#.................
#.....w.......)...
#........%........
#.................
#./.....(.........
#....?c...........
#.######O.H.......
#..@......#
#.........#
#..ooo....#
#.........#
#.........#
#.........#
#.........#
#...####..#


You could see Gastronok, Erolcha, a hippogriff, an orc warrior, a centaur, an
orc priest and an orc.

Vanquished Creatures
  A hippogriff (D:8)
  2 orc warriors
  A sky beast (D:7)
  A phantom (D:9)
  An ice beast (D:6)
  A black bear (D:8)
  A centaur (D:7)
  2 wights (D:8)
  3 howler monkeys (D:7)
  A giant frog zombie (D:6)
  A crimson imp (D:9)
  A hound (D:7)
  An orc priest (D:3)
  Natasha (D:3)
  A worker ant (D:6)
  4 orc wizards
  An adder (D:2)
  An adder zombie (D:8)
  3 worms
  A dart slug (D:2)
  3 giant geckos
  12 orcs
  4 bats
  A giant cockroach (D:7)
  4 goblins
  A hobgoblin (D:1)
  3 jackals (D:2)
  3 kobolds
  A quokka (D:2)
  A ball python (D:7)
  2 giant gecko skeletons
  A giant newt (D:2)
  A quokka skeleton (D:6)
  2 rats (D:2)
68 creatures vanquished.

Vanquished Creatures (collateral kills)
  An adder (D:2)
  A bat (D:2)
  A hobgoblin (D:2)
3 creatures vanquished.

Grand Total: 71 creatures vanquished

Notes
Turn   | Place    | Note
--------------------------------------------------------------
     0 | D:1      | Charly the Vine Stalker Transmuter began the quest for the Orb.
     0 | D:1      | Reached XP level 1. HP: 9/9 MP: 4/4
    33 | D:2      | Reached XP level 2. HP: 13/14 MP: 4/6
    37 | D:2      | Learned a level 2 spell: Sticks to Snakes
    60 | D:2      | Reached XP level 3. HP: 11/17 MP: 7/7
    68 | D:2      | Learned a level 3 spell: Spider Form
   247 | D:2      | Reached skill level 4 in Unarmed Combat
   265 | D:3      | Reached XP level 4. HP: 3/21 MP: 1/8
   374 | D:3      | Noticed Natasha
   383 | D:3      | Killed Natasha
   383 | D:3      | Reached XP level 5. HP: 10/25 MP: 1/9
   429 | D:4      | SZLAY
   443 | D:5      | Entered Level 5 of the Dungeon
   483 | D:6      | Reached skill level 5 in Unarmed Combat
   555 | D:7      | Reached skill level 6 in Unarmed Combat
   555 | D:7      | Gained mutation: You heal very quickly. [Vine Stalker growth]
   555 | D:7      | Reached XP level 6. HP: 22/29 MP: 4/10
   603 | D:6      | Found a staircase to the Ecumenical Temple.
   603 | D:6      | Noticed an ice beast
   605 | D:6      | Killed an ice beast
   605 | D:6      | Reached XP level 7. HP: 30/32 MP: 2/12
   611 | Temple   | Entered the Ecumenical Temple
   617 | D:6      | NO CHEI TEMPLE
   666 | D:7      | Reached skill level 7 in Unarmed Combat
   679 | D:7      | Gained mutation: Your spells are a little harder to cast, but a little more powerful. [mutagenic meat]
   705 | D:8      | Found a bloodstained altar of Trog.
   754 | D:8      | Found a snail-covered altar of Cheibriados.
   776 | D:8      | Became a worshipper of Cheibriados the Contemplative
   794 | D:8      | Found a flagged portal.
   800 | Bailey   | Entered a bailey
   933 | D:8      | Learned a level 5 spell: Blade Hands
   947 | D:8      | Gained mutation: You have razor-sharp teeth. [Vine Stalker growth]
   947 | D:8      | Reached XP level 8. HP: 30/37 MP: 3/14
   967 | D:8      | Reached skill level 8 in Unarmed Combat
   977 | D:8      | Reached skill level 5 in Transmutations
  1014 | D:9      | Found a staircase to the Orcish Mines.
  1030 | D:9      | Reached skill level 1 in Fighting
  1039 | Orc:1    | Entered Level 1 of the Orcish Mines
  1039 | Orc:1    | Found Koont's Assorted Antiques.
  1067 | D:10     | Entered Level 10 of the Dungeon
  1145 | D:9      | Noticed Gastronok
  1165 | D:9      | Noticed Erolcha
  1169 | D:9      | Killed from afar by Erolcha

Skill      XL: |  1  2  3  4  5  6  7  8 |
---------------+-------------------------+-----
Unarmed Combat | 4 6 7 8 |  8.5
Transmutations | 3 4 5 |  5.1
Spellcasting   | 3 4 |  4.3
Fighting       | 1 |  1.4
Dodging        | |  1.5

Action                   |  1- 3 |  4- 6 |  7- 9 || total
-------------------------+-------+-------+-------++-------
Melee: Unarmed           |    73 |    64 |    70 ||   207
       Bite              |    12 |     6 |     5 ||    23
       Punch             |     3 |     2 |       ||     5
 Fire: Blowgun           |       |       |    31 ||    31
 Cast: Beastly Appendage |     1 |       |       ||     1
       Sticks to Snakes  |     2 |     1 |     1 ||     4
       Spider Form       |     4 |     7 |     8 ||    19
Evoke: Wand              |       |     1 |     2 ||     3
  Use: Scroll            |       |     3 |     3 ||     6
  Eat: Chunk             |       |       |     5 ||     5
       Fruit             |       |       |     2 ||     2
Armor: Robe              |     5 |     3 |     2 ||    10
       Skin              |       |     5 |     4 ||     9
Dodge: Dodged            |    59 |    63 |    47 ||   169
